Map: Orbital Shipyard

Players

Össy

  • Race: Zerg Zerg
  • League: Master

Steisjo - Winner!

  • Race: Protoss Protoss
  • League: Silver

Event: DreamHack ZOWIE Open Leipzig

VOD

Have the link to the VOD?

Description

Time

  • Played on: Jan. 22, 2016, 7:34 a.m.
  • Length: 6:49

All games in this series

Show
View Real Time Build Order
Export as new Build Order

Össy Zerg 

Build Orders: Hatch First 

Get SALT Encoding   

  12  0:00  Drone  
  13  0:12  Overlord  
  13  0:19  Drone  
  14  0:31  Drone x2  
  16  0:37  Drone  
  17  0:52  Hatchery  
  17  0:55  Drone  
  17  1:01  Drone  
  18  1:12  Spawning Pool  
  18  1:15  Drone  
  18  1:18  Drone  
  19  1:30  Drone, Extractor  
  19  1:47  Hatchery  
  19  1:48  Drone  
  19  1:53  Overlord  
  19  2:02  Zergling x2  
  19  2:06  Queen  
  22  2:09  Drone  
  22  2:14  Drone  
  24  2:17  Drone  
  24  2:22  Drone  
  26  2:31  Drone  
  26  2:34  Metabolic Boost  
  27  2:37  Zergling x4  
  27  2:43  Zergling x2  
  30  2:46  Queen  
  30  2:48  Drone  
  33  2:55  Drone  
  34  3:00  Zergling x2  
  34  3:01  Queen  
  34  3:03  Drone  
  34  3:04  Drone  
  38  3:12  Drone  
  39  3:14  Drone  
  39  3:17  Drone  
  39  3:19  Extractor  
  41  3:20  Drone  
  41  3:21  Evolution Chamber, Overlord  
  41  3:25  Overlord  
  40  3:30  Drone  
  41  3:51  Drone x2  
  41  3:52  Drone  
  41  3:53  Drone  
  41  3:54  Drone x2  
  41  3:55  Overlord x2  
  46  3:58  Zergling x4, Extractor  
  46  4:00  Drone x2  
  46  4:01  Drone  
  50  4:05  Drone x2  
  52  4:12  Drone  
  52  4:15  Zerg Melee Weapons Level 1  
  53  4:18  Evolution Chamber  
  53  4:22  Drone  
  53  4:23  Drone x3  
  53  4:24  Drone  
  57  4:25  Zergling x2  
  57  4:26  Zergling x2  
  57  4:27  Zergling x4  
  58  4:42  Queen  
  52  4:55  Queen  
  52  4:57  Zergling x2  
  52  4:58  Zergling x4  
  50  5:08  Zergling x6  
  50  5:18  Queen  
  48  5:30  Queen  
  48  5:35  Zergling x8  
  46  5:46  Zergling x10  
  37  6:03  Zergling x6  
  36  6:13  Spore Crawler  
Show
View Real Time Build Order
Export as new Build Order

Steisjo Protoss - Winner!

Build Orders: 1 Gate Expand 

Get SALT Encoding   

  12  0:02  Probe (Chrono Boost)  
  13  0:12  Probe (Chrono Boost)  
  14  0:18  Pylon  
  14  0:23  Probe (Chrono Boost)  
  15  0:36  Probe (Chrono Boost)  
  15  0:38  Gateway  
  16  0:47  Probe (Chrono Boost)  
  17  0:51  Assimilator  
  17  0:57  Probe (Chrono Boost)  
  18  1:08  Probe (Chrono Boost)  
  19  1:20  Nexus  
  19  1:30  Cybernetics Core  
  19  1:34  Probe (Chrono Boost)  
  20  1:42  Assimilator  
  20  1:45  Probe (Chrono Boost)  
  21  1:51  Pylon  
  21  1:55  Probe (Chrono Boost)  
  22  2:05  Probe (Chrono Boost)  
  23  2:09  Adept (Chrono Boost), Warp Gate (Chrono Boost)  
  25  2:17  Probe  
  26  2:29  Probe  
  27  2:31  Probe  
  27  2:33  Adept  
  27  2:35  Gateway  
  30  2:41  Probe  
  30  2:42  Probe  
  32  2:47  Gateway  
  32  2:52  Probe  
  32  2:54  Probe  
  34  3:00  Adept  
  34  3:02  Probe  
  37  3:06  Probe  
  38  3:15  Probe  
  38  3:18  Mothership Core  
  41  3:22  Adept (Chrono Boost)  
  44  3:36  Nexus  
  44  3:37  Pylon  
  44  3:39  Probe  
  45  3:41  Probe  
  45  3:51  Probe (Chrono Boost)  
  45  3:52  Stargate  
  46  3:56  Probe (Chrono Boost)  
  46  4:01  Adept x3  
  54  4:03  Probe (Chrono Boost)  
  54  4:06  Pylon  
  54  4:12  Pylon  
  56  4:24  Sentry, Probe x2 (Chrono Boost)  
  56  4:25  Sentry, Adept  
  56  4:27  Pylon  
  62  4:34  Probe x2 (Chrono Boost)  
  64  4:40  Phoenix (Chrono Boost)  
  64  4:43  Probe  
  67  4:45  Probe  
  67  4:46  Probe  
  67  4:52  Robotics Facility, Assimilator  
  67  4:54  Probe  
  67  4:56  Assimilator  
  67  4:57  Probe  
  67  4:58  Probe  
  70  5:04  Probe  
  71  5:08  Probe  
  71  5:10  Probe  
  71  5:11  Adept x2  
  71  5:12  Zealot  
  71  5:13  Phoenix (Chrono Boost)  
  81  5:15  Probe  
  81  5:19  Probe  
  83  5:23  Probe  
  83  5:25  Probe  
  85  5:29  Probe  
  85  5:32  Forge  
  85  5:34  Pylon  
  85  5:35  Phoenix (Chrono Boost)  
  86  5:37  Probe  
  86  5:38  Zealot x2  
  86  5:42  Pylon  
  91  5:43  Pylon  
  91  5:52  Immortal (Chrono Boost)  
  91  5:54  Probe, Phoenix (Chrono Boost)  
  98  5:59  Assimilator  
  94  6:04  Assimilator  
  94  6:08  Probe  
  94  6:09  Probe x2  
  91  6:11  Pylon  
  91  6:16  Phoenix  
  91  6:17  Zealot x3  
  97  6:22  Twilight Council  
  97  6:23  Probe x2  
  97  6:24  Probe  
  102  6:33  Robotics Facility  
  102  6:35  Probe  
  109  6:44  Zealot x3  

Tags
 
Add a new tag
Caveats
  • Supply blocks, unpowered buildings, or Contaminate may cause inaccurate times.
  • Supply counts are checked every 10 seconds.